 Dungeon Crawl Stone Soup version 0.31-a0-925-g0a390f2509 (webtiles) character file.

Game seed: 2260312573824875415

400 miscthings the Charlatan (level 6, -5/47 HPs)
             Began as a Gnoll Artificer on Oct 19, 2023.
             Killed by divine providence
             ... invoked by an orc priest
              (10 damage)
             ... on level 4 of the Dungeon.
             The game lasted 00:08:55 (3163 turns).

miscthings the Charlatan (Gnoll Artificer)          Turns: 3163, Time: 00:08:56

Health: -5/47      AC:  5    Str: 14    XL:     6   Next: 84%
Magic:  0/9        EV: 13    Int: 10    God:
Gold:   95         SH:  0    Dex: 12    Spells: 6/9 levels left

rFire   . . .        h - +0 spear
rCold   . . .        (no shield)
rNeg    . . .        j - +0 robe
rPois   .            k - +2 helmet
rElec   .            (no cloak)
rCorr   .            (no gloves)
SInv    .            (no boots)
Will    .....        n - amulet of guardian spirit
Stlth   ++           (no ring)
HPRegen 0.27/turn    (no ring)
MPRegen 0.11/turn

%: guardian spirit
@: no status effects
A: fangs 1, strong nose, distributed training
a: no special abilities


You were on level 4 of the Dungeon.
You visited 1 branch of the dungeon, and saw 4 of its levels.
You also visited: Sewer.

You collected 95 gold pieces.

Inventory:

Hand Weapons
 a - a +0 club
 h - a +0 spear (weapon)
Armour
 b - a +0 leather armour
 j - a +0 robe (worn)
 k - a +2 helmet (worn)
Jewellery
 n - an amulet of guardian spirit (around neck)
Wands
 c - a wand of flame (7) (quivered)
 d - a wand of charming (11)
 e - a wand of iceblast (3)
Scrolls
 f - a scroll of acquirement {unknown}
 o - a scroll of identify {unknown}
 q - a scroll of fog
 r - 2 scrolls of revelation
 s - 2 scrolls of teleportation {unknown}
 t - 2 scrolls of blinking {unknown}
 y - a scroll of fear
 B - a scroll of enchant armour {unknown}
Potions
 g - a potion of enlightenment {unknown}
 i - 2 potions of curing
 l - a potion of attraction {unknown}
 m - a potion of invisibility {unknown}
 p - a potion of mutation {unknown}
 u - a potion of lignification {unknown}
 v - a potion of degeneration {unknown}
 w - 3 potions of cancellation {unknown}
 x - 2 potions of might {unknown}
 z - a potion of heal wounds {unknown}
 A - a potion of haste {unknown}
 C - a potion of berserk rage {unknown}


   Skills:
 + Level 3.4 Fighting
 + Level 2.1 Short Blades
 + Level 2.1 Long Blades
 + Level 2.1 Axes
 + Level 2.1 Maces & Flails
 + Level 2.1 Polearms
 + Level 2.1 Staves
 + Level 2.1 Ranged Weapons
 + Level 2.1 Throwing
 + Level 5.1 Armour
 + Level 3.4 Dodging
 + Level 3.2 Stealth
 + Level 2.1 Shields
 + Level 2.1 Unarmed Combat
 + Level 2.1 Spellcasting
 + Level 1.7 Conjurations
 + Level 1.7 Hexes
 + Level 1.7 Summonings
 + Level 1.7 Necromancy
 + Level 1.7 Translocations
 + Level 1.7 Transmutations
 + Level 1.7 Fire Magic
 + Level 1.7 Ice Magic
 + Level 1.7 Air Magic
 + Level 1.7 Earth Magic
 + Level 1.7 Poison Magic
 + Level 2.4 Invocations
 + Level 6.9 Evocations
 + Level 2.0 Shapeshifting


You had 6 spell levels left.
You knew the following spells:

 Your Spells              Type           Power      Damage    Failure   Level
a - Sting                 Tmut/Pois      16%        1d3       16%         1
b - Poisonous Vapours     Pois/Air       8%         N/A       22%         2

Your spell library contained the following spells:

 Spells                   Type           Power      Damage    Failure   Level
 Ensorcelled Hibernation  Hex/Ice        8%         N/A       22%         2
 Passwall                 Tmut/Erth      3%         N/A       22%         2
 Swiftness                Air            4%         N/A       41%         3
 Olgreb's Toxic Radiance  Pois           4%         N/A       83%         4


Dungeon Overview and Level Annotations

Branches:
Dungeon (4/15)              Sewer (visited)
 Temple: D:4-7

Altars:
Cheibriados

Shops:
D:1 [

Annotations:
D:4 1 runed translucent door, Dordric's ghost, amateur TeHu


Innate Abilities, Weirdness & Mutations

You have very sharp teeth.
Your uncanny sense of smell can sniff out nearby items.
Your experience applies equally to all skills.


Message History

Okay, then.
Aiming: Throw Flame
Press: ? - help, Q - select action, (/) - cycle Shift-Dir - straight line, f/p - orc priest
Aim: an orc priest, wielding a +0 falchion (severely wounded, 74% to hit)
The puff of flame misses the orc priest.
The orc barely misses you.
Dordric's ghost whispers, "Death doesn't hurt.
What you feel is life." The orc closely misses you.
Aiming: Throw Flame
Press: ? - help, Q - select action, (/) - cycle Shift-Dir - straight line, f/p - orc priest
Aim: an orc priest, wielding a +0 falchion (severely wounded, 74% to hit)
The puff of flame misses the orc priest.
The orc hits you but does no damage. x2
Aiming: Throw Flame
Press: ? - help, Q - select action, (/) - cycle Shift-Dir - straight line, f/p - orc priest
Aim: an orc priest, wielding a +0 falchion (severely wounded, 74% to hit)
The puff of flame hits something!
The orc barely misses you. Something hits you but does no damage.
You miss something. The orc hits you with a +3 short sword!
The orc hits you with a +0 falchion. Something hits you.
You closely miss the orc priest.
The orc priest is severely wounded.
The orc hits you but does no damage.
You hear some strange, mumbled words.
A magic dart appears from out of thin air!
The magic dart hits you. The orc misses you.
The orc priest invokes the aid of Beogh against you.
Beogh smites you!
* * * LOW HITPOINT WARNING * * *
You hit the orc priest.
The orc priest is almost dead.
The orc hits you with a +3 short sword.
* * * LOW HITPOINT WARNING * * *
Something hits you but does no damage. The orc completely misses you.
The orc priest hits you with a +0 falchion.
* * * LOW HITPOINT WARNING * * *
The orc completely misses you.
The orc priest mumbles some strange prayers to Beogh against you.
Beogh smites you!
You die...

....# ..###...#.##
....# ...##⌠##.....#
....# ...##...##....#
....# #..##..!..##...#
.##.#
...#⌠..♣...+..#####
.##.#
...##..?..##.......
.##.# ....##..W##.....#
.##)# #...##⌠##ooo##.#
.##.# .?#...###@.o##
.##.# #...........#
.##.########.....#.#
.##†##....#####.##.####
.......................
PP..####.)_..####..PPPP
.........))............
######.....#######.#...
###...# .# ##


You could see an orc priest, Dordric's ghost and 3 orcs.

Vanquished Creatures
  2 bullfrogs (Sewer)
  An orc priest (D:4)
  2 orc wizards (D:4)
  10 adders
  5 river rats (Sewer)
  A worm (D:3)
  2 dart slugs
  4 orcs (D:4)
  2 bats
  5 endoplasms
  5 giant cockroaches
  8 goblins
  5 hobgoblins
  2 jackals (D:1)
  14 ball pythons
  4 frilled lizards
  4 kobolds
  24 rats
100 creatures vanquished.

Vanquished Creatures (collateral kills)
  2 adders (Sewer)
  3 rats (Sewer)
5 creatures vanquished.

Vanquished Creatures (others)
  An adder (Sewer)
1 creature vanquished.

Grand Total: 106 creatures vanquished

Notes
Turn   | Place    | Note
-------+----------+-------------------------------------------
     0 | D:1      | miscthings the Gnoll Artificer began the quest for the Orb.
     0 | D:1      | Reached XP level 1. HP: 17/17 MP: 1/1
   308 | D:1      | Reached XP level 2. HP: 23/23 MP: 2/2
   319 | D:1      | Learned a level 1 spell: Sting
   554 | D:1      | Found Ikysebur's Antique Armour Boutique.
   693 | D:1      | Reached XP level 3. HP: 23/28 MP: 3/3
  1141 | D:2      | Reached skill level 1 in Invocations
  1470 | D:2      | Reached skill level 1 in Short Blades
  1470 | D:2      | Reached skill level 1 in Long Blades
  1470 | D:2      | Reached skill level 1 in Axes
  1470 | D:2      | Reached skill level 1 in Maces & Flails
  1470 | D:2      | Reached skill level 1 in Polearms
  1470 | D:2      | Reached skill level 1 in Staves
  1470 | D:2      | Reached skill level 1 in Ranged Weapons
  1470 | D:2      | Reached skill level 1 in Throwing
  1470 | D:2      | Reached skill level 1 in Shields
  1470 | D:2      | Reached skill level 1 in Unarmed Combat
  1470 | D:2      | Reached skill level 1 in Spellcasting
  1797 | D:3      | Reached XP level 4. HP: 34/34 MP: 5/5
  1834 | D:3      | Reached skill level 1 in Shapeshifting
  1836 | D:3      | Found a glowing drain.
  1877 | D:3      | Learned a level 2 spell: Poisonous Vapours
  1923 | D:3      | Reached skill level 1 in Conjurations
  1923 | D:3      | Reached skill level 1 in Hexes
  1923 | D:3      | Reached skill level 1 in Summonings
  1923 | D:3      | Reached skill level 1 in Necromancy
  1923 | D:3      | Reached skill level 1 in Translocations
  1923 | D:3      | Reached skill level 1 in Transmutations
  1923 | D:3      | Reached skill level 1 in Fire Magic
  1923 | D:3      | Reached skill level 1 in Ice Magic
  1923 | D:3      | Reached skill level 1 in Air Magic
  1923 | D:3      | Reached skill level 1 in Earth Magic
  1923 | D:3      | Reached skill level 1 in Poison Magic
  1948 | Sewer    | Entered a sewer
  2053 | Sewer    | Reached XP level 5. HP: 30/40 MP: 3/7
  2081 | Sewer    | HP: 1/40 [river rat (5)]
  2498 | Sewer    | Reached skill level 5 in Armour
  2498 | Sewer    | Reached XP level 6. HP: 30/47 MP: 8/8
  3123 | D:4      | Found a snail-covered altar of Cheibriados.
  3143 | D:4      | Found a runed translucent door.
  3143 | D:4      | Noticed Dordric's ghost (amateur TeHu)
  3163 | D:4      | Killed from afar by an orc priest

Illustrated notes

Levels and vault maps discovered:
D:1:      dpeg_arrival_circle_labyrinth_c, layout_loops_ring, serial_shops,
          nicolae_shop_back_alley_shop
D:2:      layout_basic, serial_corexii_hall, chequers_hall_statues_y,
          corexii_hall_statues_deadend, chequers_hall_statues_y,
          corexii_hall_statues_t
D:3:      layout_loops_ring, gup_sewer_entry_glass
D:4:      layout_basic, kiku_gazebo_pond_becter, mainiacjoe_overflow_boulevard,
          minmay_temple_entry_proselytizer, hellmonk_ghost_happy_afterlife

Skill      XL: |  1  2  3  4  5  6 |
---------------+-------------------+-----
Invocations    | 1 2 |  2.4
Short Blades   | 1 2 |  2.1
Long Blades    | 1 2 |  2.1
Axes           | 1 2 |  2.1
Maces & Flails | 1 2 |  2.1
Polearms       | 1 2 |  2.1
Staves         | 1 2 |  2.1
Ranged Weapons | 1 2 |  2.1
Throwing       | 1 2 |  2.1
Shields        | 1 2 |  2.1
Unarmed Combat | 1 2 |  2.1
Spellcasting   | 1 2 |  2.1
Shapeshifting  | 1 2 |  2.0
Conjurations   | 1 |  1.7
Hexes          | 1 |  1.7
Summonings     | 1 |  1.7
Necromancy     | 1 |  1.7
Translocations | 1 |  1.7
Transmutations | 1 |  1.7
Fire Magic     | 1 |  1.7
Ice Magic      | 1 |  1.7
Air Magic      | 1 |  1.7
Earth Magic    | 1 |  1.7
Poison Magic   | 1 |  1.7
Fighting       | 3 |  3.4
Dodging        | 3 |  3.4
Armour         | 5 |  5.1
Stealth        | 3 |  3.2
Evocations     | |  6.9

Action                     |  1- 3 |  4- 6 || total
---------------------------+-------+-------++-------
  Melee: Club              |     8 |       ||     8
         Spear             |   106 |   280 ||   386
         Bite              |     8 |    20 ||    28
         Punch             |     1 |     4 ||     5
   Cast: Sting             |     2 |    12 ||    14
         Poisonous Vapours |       |     1 ||     1
  Evoke: Wand              |     3 |    11 ||    14
    Use: Scroll            |       |     4 ||     4
         Potion            |       |     1 ||     1
   Stab: Sleeping          |     4 |     4 ||     8
         Distracted        |     1 |       ||     1
 Armour: Leather armour    |     4 |       ||     4
         Robe              |    42 |   173 ||   215
  Dodge: Dodged            |    61 |   193 ||   254

Table legend: (Time is in decaauts)
 A = Elapsed time spent in this place.
 B = Non-inter-level travel time spent in this place.
 C = Inter-level travel time spent in this place.
 D = Time resting spent in this place.
 E = Time spent auto-exploring this place.
 F = Levels seen in this place.
 G = Mean time per level.
                   A        B        C        D        E       F      G
               +--------+--------+--------+--------+--------+-----+--------+
         Total |   3243 |   3126 |    117 |    183 |   1863 |   5 |  648.6 |
       Dungeon |   2541 |   2424 |    117 |     19 |   1775 |   4 |  635.2 |
         Sewer |    702 |    702 |      0 |    164 |     88 |   1 |  702.0 |
               +--------+--------+--------+--------+--------+-----+--------+

Top non-repeatable levels by time:
     D:1: 999 daAuts
     D:2: 758 daAuts
   Sewer: 702 daAuts
     D:3: 656 daAuts
     D:4: 126 daAuts
